 Dungeon Crawl Stone Soup version 0.24-a0-433-gbe6fa4f6cc (webtiles) character file.

Game seed: 10590214964959900317

46 Gargoyl the Skirmisher (level 3, 0/46 HPs)
             Began as a Centaur Abyssal Knight on June 14, 2019.
             Was a Believer of Lugonu.
             Succumbed to an adder's poison
             ... on level 2 of the Dungeon.
             The game lasted 00:02:39 (1668 turns).

Gargoyl the Skirmisher (Centaur Abyssal Knight)     Turns: 1668, Time: 00:02:40

Health: 0/46       AC: 21    Str: 14    XL:     3   Next: 46%
Magic:  4/4        EV:  1    Int: 11    God:    Lugonu [**....]
Gold:   74         SH:  0    Dex: 11    Spells: 2/2 levels left

rFire    . . .     SeeInvis .   a - +1 hand axe
rCold    . . .     Gourm    .   (no shield)
rNeg     + + +     Faith    .   (armour currently unavailable)
rPois    +         Spirit   .   (helmet currently unavailable)
rElec    .         Reflect  .   (cloak currently unavailable)
rCorr    .         Harm     .   (gloves currently unavailable)
MR       .....     NoTele   +   (no barding)
Stlth    +.........             (no amulet)
HPRegen  0.15/turn              (no ring)
MPRegen  0.09/turn              (no ring)

@: lethally poisoned (0 -> -1), tree-form
A: large, agile 1
a: Depart the Abyss, Bend Space, Renounce Religion


You were on level 2 of the Dungeon.
You worshipped Lugonu.
Lugonu was pleased with you.
You were not hungry.
You were a tree.
You visited 1 branch of the dungeon, and saw 2 of its levels.
You visited the Abyss 1 time.

You collected 74 gold pieces.

Inventory:

Hand Weapons
 a - a +1 hand axe (weapon)
Armour
 d - a +0 scale mail (melded)
 e - a +1 cloak (melded)
Scrolls
 b - a scroll of identify {unknown}
 f - a scroll of enchant weapon {unknown}
 h - a scroll of enchant armour {unknown}
 l - a scroll of teleportation {unknown}
Potions
 i - a potion of degeneration {unknown}
 j - a potion of heal wounds {unknown}
Comestibles
 c - 3 rations
 k - a chunk of flesh


   Skills:
 + Level 3.4 Fighting
 + Level 2.2 Axes
 * Level 1.8 Armour
 * Level 1.1 Dodging
 * Level 2.4 Invocations


You had 2 spell levels left.
You didn't know any spells.
Your spell library contained the following spells:

 Spells                   Type           Power        Failure   Level  Hunger
 Animate Skeleton         Necr           N/A          34%         1    ##.....
 Apportation              Tloc           #.....       34%         1    ##.....
 Confusing Touch          Hex            #.....       34%         1    ##.....
 Summon Small Mammal      Summ           #...         34%         1    ##.....


Dungeon Overview and Level Annotations

Branches:
Dungeon (2/15)

Altars:


Innate Abilities, Weirdness & Mutations

((You have hooves in place of feet.))
((Armour fits poorly on your strangely shaped body.))
((You cover ground very quickly.))
((You have extremely tough skin. (AC +3)))
((You have a pair of small antennae on your head.))
You are agile. (Dex +2)
((Your flesh is heat resistant. (rF+)))


Message History

You closely miss the adder.
The adder is severely wounded.
The adder bites you but does no damage. x2
You hit the adder but do no damage.
The adder is severely wounded.
You feel sick. The adder bites you.
* * * LOW HITPOINT WARNING * * *
The adder bites you but does no damage.
You closely miss the adder.
The adder is severely wounded.
The adder bites you but does no damage.
You miss the adder.
The adder is severely wounded.
The adder bites you but does no damage. x2
You barely miss the adder.
The adder is severely wounded.
The adder bites you but does no damage.
You miss the adder.
The adder is severely wounded.
You die...

#.########
#.# #.
######.###
#.
>.........#
#.
#######.#.#
#. ...#.# #.
#####.#
#.....##
#......#
#..♣...#
.......S...#
##.####
#[.........#
.......
#......"...#
##.####
...$.......#
##.(
#####......#
....
#......#
##.#
#.......


You could see an adder.

Vanquished Creatures
  An ooze (D:2)
  A dart slug (D:2)
  A giant cockroach (D:1)
  4 goblins (D:1)
  4 hobgoblins
  4 jackals (D:1)
  A quokka (D:2)
  11 bats
  2 frilled lizards
  A kobold (D:2)
  6 rats (D:1)
36 creatures vanquished.

Notes
Turn   | Place    | Note
-------+----------+-------------------------------------------
     0 | Abyss:1  | Gargoyl the Centaur Abyssal Knight began the quest for the
                  | Orb.
     0 | Abyss:1  | Reached XP level 1. HP: 19/19 MP: 2/2
    62 | Abyss:2  | Gained mutation: You are agile. (Dex +2) [potion of
                  | mutation]
    62 | Abyss:2  | Gained mutation: You have a pair of small antennae on your
                  | head. [potion of mutation]
    62 | Abyss:2  | Gained mutation: Your flesh is heat resistant. (rF+)
                  | [potion of mutation]
    83 | Abyss:2  | Noticed a large abomination
    98 | Abyss:2  | Noticed a wretched star
   129 | Abyss:2  | Noticed a large abomination
   133 | Abyss:2  | Noticed a smoke demon
   135 | Abyss:2  | Noticed an ancient zyme
   135 | Abyss:2  | Noticed a small abomination
   136 | D:1      | Escaped the Abyss
   449 | D:1      | Reached * piety under Lugonu
   646 | D:1      | Reached XP level 2. HP: 21/26 MP: 3/3
   931 | D:1      | Reached skill level 1 in Dodging
  1114 | D:1      | Reached XP level 3. HP: 30/31 MP: 4/4
  1423 | D:2      | Reached ** piety under Lugonu
  1664 | D:2      | HP: 1/46 [adder (3)]
  1668 | D:2      | Succumbed to an adder's poison

Levels and vault maps discovered:
D:1:      saegor_arrival_under_anarchy, layout_basic
D:2:      layout_basic, grunt_ministairs_1, elyvilon_altar_4

Skill      XL: |  1  2 |
---------------+-------+-----
Axes           | 2 |  2.2
Dodging        | 1 |  1.1
Fighting       | |  3.4
Armour         | |  1.8
Invocations    | |  2.4

Action                   || total
-------------------------++-------
Melee: Hand axe          ||   126
       Kick              ||    13
Invok: Depart the Abyss  ||     1
  Use: Potion            ||     3
       Scroll            ||     1
  Eat: Chunk             ||     2
Armor: Scale mail        ||   106
       Skin              ||    21
Dodge: Dodged            ||    68

Table legend:
 A = Non-vault XP
 B = Vault XP
 C = Vault XP percentage of total XP
 D = Non-vault monster count
 E = Vault monster count
 F = Vault count percentage of total count
                 A         B        C        D         E       F
            +---------+---------+-------+---------+---------+-------
      Total |      67 |       0 |   0.0 |      36 |       0 |   0.0
            +---------+---------+-------+---------+---------+-------
        D:1 |      42 |       0 |   0.0 |      26 |       0 |   0.0
        D:2 |      25 |       0 |   0.0 |      10 |       0 |   0.0
            +---------+---------+-------+---------+---------+-------
